 Dungeon Crawl Stone Soup version 0.30.0-30-g96aa6591b8 (webtiles) character file.

Game seed: 1696752738153344454

5 operon the Grasshopper (level 1, -4/18 HPs)
             Began as an Armataur Warper on June 30, 2023.
             Killed from afar by Sigmund (11 damage)
             ... with a puff of flame
             ... on level 2 of the Dungeon.
             The game lasted 00:01:17 (195 turns).

operon the Grasshopper (Armataur Warper)             Turns: 195, Time: 00:01:18

Health: -4/18      AC:  4    Str: 16    XL:     1   Next: 66%
Magic:  3/3        EV:  9    Int: 13    God:
Gold:   13         SH:  0    Dex:  9    Spells: 4/4 levels left

rFire   . . .        a - +0 mace
rCold   . . .        (no shield)
rNeg    . . .        b - +0 leather armour
rPois   .            (no helmet)
rElec   .            (no cloak)
rCorr   .            (no gloves)
SInv    .            (no barding)
Will    .....        (no amulet) Stlth
                     (no ring)
HPRegen 0.23/turn    (no ring)
MPRegen 0.08/turn

%: roll
@: confused
A: large, rugged brown scales 3, deformed body, armoured tail, roll, long
tongue, awkward tongue
a: no special abilities


You were on level 2 of the Dungeon.
You visited 1 branch of the dungeon, and saw 2 of its levels.

You collected 13 gold pieces.

Inventory:

Hand Weapons
 a - a +0 mace (weapon)
 e - a +0 mace
Missiles
 d - 7 boomerangs of dispersal (quivered)
Armour
 b - a +0 leather armour (worn)
Scrolls
 c - a scroll of blinking
 f - 3 scrolls of butterflies {unknown}
Potions
 g - a potion of flight {unknown}
 h - a potion of heal wounds {unknown}
 i - 2 potions of degeneration {unknown}


   Skills:
 + Level 1.7 Fighting
 + Level 1.9 Maces & Flails
 + Level 0.8 Throwing
 + Level 1.2 Armour
 + Level 1.3 Dodging
 + Level 2.0 Spellcasting
 + Level 3.1 Translocations


You had 4 spell levels left.
You didn't know any spells.
Your spell library contained the following spells:

 Spells                   Type           Power      Damage    Failure   Level
 Blink                    Tloc           18%        N/A       13%         2
 Lesser Beckoning         Tloc           18%        N/A       13%         2
 Teleport Other           Tloc           9%         N/A       26%         3
 Vhi's Electric Charge    Tloc/Air       10%        N/A       45%         3
 Manifold Assault         Tloc           9%         N/A       65%         4


Dungeon Overview and Level Annotations

Branches:
Dungeon (1/15)

Altars:

Annotations:
D:2 Sigmund


Innate Abilities, Weirdness & Mutations

You are completely covered in rugged brown scales. (AC +3, +7% HP)
Armour fits poorly on your strangely shaped body.
You have a long armoured tail.
You roll when moving toward enemies. (Rampage)
Your long tongue fully drains potion bottles. (2x potion effects)
Your tongue gives you trouble enunciating. (1.5x scroll delay)


Message History

Found 2 smoky yellow potions.
There is an open door here.
i - 2 smoky yellow potions
There are no items here.
A kobold comes into view. It is wielding a +0 short sword.
The kobold shouts!
You roll towards the kobold!
You hit the kobold.
The kobold is heavily wounded.
The kobold hits you with a +0 short sword.
You closely miss the kobold.
The kobold is heavily wounded.
The kobold hits you with a +0 short sword.
You closely miss the kobold.
The kobold is heavily wounded.
The kobold hits you with a +0 short sword.
The kobold barely misses you.
You barely miss the kobold.
Your tail-slap misses the kobold.
The kobold is heavily wounded.
The kobold closely misses you.
You closely miss the kobold.
The kobold is heavily wounded.
The kobold hits you with a +0 short sword.
* * * LOW HITPOINT WARNING * * *
You hit the kobold.
You kill the kobold!
Your Spellcasting skill increases to level 2!
Things that are here:
a +0 short sword; 5 stones; a kobold corpse You start resting.
Sigmund the Dreaded comes into view.
He is wielding a +0 scythe and carrying a wand of flame (9).
Sigmund is nearby!
Sigmund shouts!
Sigmund zaps a wand.
The puff of flame hits you.
* * * LOW HITPOINT WARNING * * *
Sigmund points at you and mumbles some strange words.
You are confused.
Sigmund zaps a wand.
The puff of flame hits you!
Ouch! That really hurt!
You die...

#.............#.#
#......)......#.#
#.....@.......#.#
#...♣♣♣♣♣♣♣@..#.#
#.. ♣...#.# #
♣...#.# ♣...'.#
♣...### ♣.@.#
♣...# ..........#
..........#
..........#
###+#######


You could see Sigmund.

Vanquished Creatures
  A ball python (D:2)
  A giant cockroach (D:2)
  A hobgoblin (D:2)
  A kobold (D:2)
4 creatures vanquished.

Notes
Turn   | Place    | Note
-------+----------+-------------------------------------------
     0 | D:1      | operon the Armataur Warper began the quest for the Orb.
     0 | D:1      | Reached XP level 1. HP: 18/18 MP: 3/3
    47 | D:1      | You fall into a shaft and drop 1 floor!
   184 | D:2      | Noticed Sigmund
   195 | D:2      | Killed from afar by Sigmund

Illustrated notes

Levels and vault maps discovered:
D:1:      dpeg_arrival_concentric_ovals, layout_loops_ring
D:2:      layout_loops_ring, kennysheep_path_1, amethyst_killhole,
          roderic_lattice_a, kennysheep_generic_room_16, uniq_sigmund

Skill      XL: |  1 |
---------------+----+-----
Spellcasting   | 2 |  2.0
Fighting       | |  1.7
Maces & Flails | |  1.9
Throwing       | |  0.8
Armour         | |  1.2
Dodging        | |  1.3
Translocations | |  3.1

Action                     || total
---------------------------++-------
  Melee: Mace              ||    10
         Tailslap          ||     1
 Armour: Leather armour    ||     1
  Dodge: Dodged            ||     2
